Map: Costas tropicales

Players

MrFercho

  • Race: Zerg Zerg
  • League: Silver
  • Spawn Location: 5:00

TATORREA

  • Race: Protoss Protoss
  • League: Silver
  • Spawn Location: 6:00

tigro

  • Race: Terran Terran
  • Spawn Location: 5:00

BLADE

  • Race: Zerg Zerg
  • Spawn Location: 11:00

MichiganGG

  • Race: Terran Terran
  • Spawn Location: 12:00

Mango

  • Race: Zerg Zerg
  • Spawn Location: 0:00

VOD

Have the link to the VOD?

Description

Time

  • Played on: May 12, 2020, 8:25 p.m.
  • Length: 12:58
Show
View Real Time Build Order
Export as new Build Order

MrFercho Zerg 

Build Orders: Pool First 

Get SALT Encoding   

  12  0:03  Drone  
  13  0:14  Drone  
  14  0:17  Overlord  
  14  0:35  Extractor  
  13  0:36  Drone  
  13  0:37  Drone x2  
  13  0:39  Extractor  
  15  0:53  Drone  
  16  0:59  Drone  
  17  1:07  Spawning Pool  
  16  1:23  Drone x2  
  18  1:32  Drone  
  19  1:47  Drone  
  19  1:52  Drone  
  21  2:04  Overlord  
  21  2:06  Metabolic Boost  
  21  2:22  Queen  
  21  2:27  Hatchery  
  22  2:36  Zergling x6  
  25  2:45  Roach Warren  
  24  2:59  Lair  
  24  3:20  Drone x2  
  24  3:21  Drone  
  27  3:53  Roach x4  
  35  4:02  Drone  
  36  4:08  Spire  
  35  4:22  Drone  
  36  4:24  Overlord x2  
  33  5:22  Mutalisk x3  
  39  5:28  Mutalisk  
  39  5:33  Drone x2  
  43  5:39  Extractor  
  42  5:55  Glial Reconstitution  
  42  6:19  Zergling x6  
  42  6:57  Mutalisk  
  42  6:58  Mutalisk x2  
  48  7:14  Hatchery  
  48  7:15  Hatchery  
  46  7:17  Hatchery, Ravager x2  
  47  7:31  Overseer  
  47  8:13  Mutalisk x2  
  47  8:17  Overlord  
  51  8:24  Extractor  
  50  8:34  Overseer  
  50  8:43  Mutalisk  
  50  8:44  Mutalisk  
  54  8:51  Drone x3  
  57  9:38  Roach  
  57  9:39  Roach x5  
  57  9:40  Zergling x6, Roach x2  
  57  9:41  Zergling x2  
  20  10:50  Mutalisk  
  20  10:51  Mutalisk x6  
  24  10:58  Drone x2  
  24  10:59  Drone  
Show
View Real Time Build Order
Export as new Build Order

TATORREA Protoss 

Build Orders:  

Get SALT Encoding   

  12  0:02  Probe  
  13  0:36  Probe  
  13  0:37  Pylon  
  14  0:46  Assimilator  
  14  0:48  Probe  
  15  0:53  Pylon  
  15  1:00  Probe  
  16  1:18  Probe, Gateway  
  17  1:21  Gateway  
  17  1:28  Assimilator  
  17  1:30  Probe  
  18  1:42  Probe  
  19  1:54  Probe  
  19  2:00  Forge  
  20  2:09  Cybernetics Core  
  20  2:12  Probe  
  21  2:17  Zealot x2  
  25  2:31  Probe  
  26  2:47  Nexus  
  26  2:56  Probe  
  27  3:06  Stalker  
  27  3:08  Probe  
  30  3:16  Warp Gate  
  30  3:27  Probe  
  31  3:57  Pylon  
  31  3:58  Probe, Stalker x2  
  31  3:59  Stargate  
  36  4:11  Probe  
  36  4:12  Probe  
  36  4:14  Protoss Ground Weapons Level 1  
  38  4:24  Twilight Council  
  38  4:27  Robotics Facility  
  38  4:30  Probe x2  
  40  4:57  Oracle  
  43  5:01  Charge  
  43  5:06  Stalker  
  43  5:07  Stalker  
  41  5:27  Probe  
  41  5:28  Probe  
  43  5:33  Assimilator  
  43  5:37  Assimilator  
  43  5:42  Probe x2  
  45  5:46  Stalker  
  45  5:47  Stalker  
  49  6:02  Pylon  
  49  6:03  Protoss Air Weapons Level 1  
  49  6:06  Pylon  
  49  6:09  Pylon  
  49  6:12  Pylon  
  46  6:51  Void Ray  
  50  6:56  Probe x2  
  50  6:58  Protoss Ground Weapons Level 2  
  52  7:01  Stalker  
  52  7:02  Stalker  
  56  7:11  Probe x2  
  58  7:23  Probe x2  
  61  7:37  Observer  
  61  7:58  Immortal  
  65  7:59  Stalker x2  
  69  8:11  Fleet Beacon  
  69  8:17  Protoss Air Armor Level 1, Robotics Bay  
  69  8:38  Probe x2  
  71  8:42  Stalker x2  
  75  8:50  Void Ray  
  75  8:53  Blink  
  79  9:03  Flux Vanes  
  79  9:12  Zealot x2  
  71  9:31  Gateway  
  71  9:33  Gateway  
  71  9:35  Gateway  
  71  9:37  Zealot  
  71  9:38  Zealot, Gateway  
  75  9:41  Gateway  
  75  9:42  Void Ray  
  75  9:43  Gateway  
  79  9:45  Gateway  
  79  10:21  Pylon  
  54  10:46  Stalker x3  
  54  10:47  Stalker x2  
  64  10:52  Stalker  
  64  10:53  Stalker  
  45  11:17  Stalker x2  
  45  11:18  Stalker x2  
  49  11:19  Stalker  
  38  11:43  Stalker x3  
  38  11:44  Stalker x2  
  42  11:49  Stalker  
Show
View Real Time Build Order
Export as new Build Order

tigro Terran 

Build Orders:  

Get SALT Encoding   

  12  0:03  SCV  
  13  0:16  Supply Depot  
  13  0:22  SCV  
  14  0:32  Refinery  
  14  0:34  SCV  
  15  0:47  SCV  
  16  0:57  Barracks  
  16  0:59  SCV  
  17  1:11  SCV  
  18  1:23  SCV  
  19  1:27  Refinery  
  19  1:35  SCV  
  19  1:38  Supply Depot  
  20  1:46  Marine  
  21  1:47  SCV  
  22  1:59  SCV  
  23  2:04  Marine  
  24  2:11  SCV, Barracks  
  25  2:22  Marine  
  26  2:27  Engineering Bay  
  26  2:39  Marine  
  26  2:41  SCV  
  28  2:57  Marine  
  29  3:00  Factory  
  29  3:03  Barracks Tech Lab  
  29  3:18  Barracks Tech Lab  
  29  3:32  Orbital Command  
  29  4:13  Factory Tech Lab  
  29  4:18  Command Center  
  29  4:24  Armory, Combat Shield  
  29  4:26  Stimpack  
  29  4:35  Terran Infantry Weapons Level 1  
  29  4:44  Marine  
  25  4:47  Marine  
  25  4:57  Hellion  
  27  5:02  Marine  
  27  5:05  Marine  
  29  5:19  Hellion  
  31  5:43  Concussive Shells  
  31  5:59  Command Center  
  31  6:17  Marine x2, Siege Tank  
  19  6:29  Terran Infantry Armor Level 1  
  15  6:35  Marine x2  
  17  6:53  Marine x2  
  19  6:56  Command Center  
  19  7:10  Marine x2  
  18  8:04  Command Center  
  18  8:23  Neosteel Armor  
  18  8:59  Command Center  
  18  9:37  Supply Depot  
  16  10:03  Hi-Sec Auto Tracking  
  16  10:10  Marine x2  
  18  10:15  SCV  
  8  10:51  Command Center  
  8  10:56  SCV  
  3  12:04  Orbital Command  
  3  12:06  Marine  
Show
View Real Time Build Order
Export as new Build Order

BLADE Zerg 

Build Orders: Hatch First, Swarm Host 

Get SALT Encoding   

  12  0:03  Drone  
  13  0:12  Drone  
  14  0:20  Overlord  
  14  0:36  Extractor  
  14  0:39  Drone x3  
  16  1:03  Hatchery  
  15  1:08  Drone x2  
  17  1:19  Drone  
  18  1:25  Drone  
  18  1:32  Spawning Pool  
  18  1:36  Drone  
  18  1:39  Extractor  
  18  1:46  Drone  
  19  1:59  Drone  
  20  2:07  Overlord  
  20  2:17  Drone x2  
  20  2:20  Lair  
  22  2:25  Queen  
  22  2:28  Drone  
  25  2:32  Drone  
  26  2:39  Extractor  
  26  2:42  Drone x2  
  27  2:45  Extractor  
  27  2:49  Drone x2  
  28  2:58  Drone  
  29  3:07  Drone  
  30  3:14  Drone  
  30  3:15  Drone  
  30  3:19  Overlord  
  32  3:27  Drone  
  32  3:33  Infestation Pit  
  32  3:51  Overlord x2  
  32  3:53  Overlord x2  
  32  3:58  Drone x3  
  35  4:20  Swarm Host x3  
  35  4:21  Swarm Host  
  35  4:24  Overseer  
  47  4:45  Swarm Host x4  
  47  4:46  Swarm Host  
  47  4:49  Drone  
  47  4:50  Drone  
  64  5:01  Nydus Network  
  64  5:05  Overlord  
  63  5:10  Overlord  
  63  5:28  Swarm Host x4  
  66  5:33  Swarm Host  
  78  5:44  Nydus Canal  
  78  6:02  Swarm Host x2  
  78  6:04  Overlord x3  
  84  6:37  Swarm Host x5  
  84  6:38  Swarm Host  
  102  6:58  Swarm Host x2  
  108  7:14  Overlord x4  
  108  7:28  Spore Crawler x2  
  106  7:30  Spore Crawler  
  106  7:35  Spore Crawler  
  104  7:38  Spore Crawler  
  104  7:39  Spore Crawler  
  104  7:42  Nydus Canal  
  102  7:54  Swarm Host x2  
  102  7:55  Swarm Host x2  
  102  7:57  Overlord  
  114  8:32  Swarm Host  
  114  8:33  Swarm Host x4  
  129  8:52  Swarm Host x3  
  138  8:56  Overlord  
  138  9:24  Swarm Host x2  
  138  9:25  Swarm Host x2  
  150  9:54  Swarm Host x2  
  156  10:47  Overseer  
  156  11:01  Nydus Canal  
  156  11:31  Nydus Canal  
  147  12:20  Swarm Host  
  147  12:21  Swarm Host x2  
  156  12:23  Overlord x6  
  156  12:36  Nydus Canal  
Show
View Real Time Build Order
Export as new Build Order

MichiganGG Terran 

Build Orders: Command Center First (CC) 

Get SALT Encoding   

  12  0:03  SCV  
  13  0:21  Supply Depot  
  13  0:23  SCV  
  14  0:35  SCV  
  15  0:47  SCV  
  16  1:01  SCV  
  17  1:05  Command Center  
  17  1:13  SCV  
  18  1:25  SCV  
  19  1:26  Barracks  
  19  1:37  SCV  
  19  1:39  Barracks  
  20  1:49  SCV  
  20  1:53  Refinery  
  21  2:01  SCV  
  21  2:03  Refinery  
  22  2:13  SCV  
  23  2:27  Orbital Command  
  23  2:29  Orbital Command  
  23  2:37  Supply Depot  
  23  2:44  Barracks Reactor  
  23  2:49  Barracks Tech Lab  
  23  2:53  SCV  
  23  2:54  SCV  
  25  3:00  Supply Depot  
  25  3:04  Factory  
  25  3:05  SCV  
  26  3:06  SCV  
  27  3:17  SCV  
  27  3:18  Stimpack  
  28  3:22  Marine x3  
  28  3:23  SCV, Supply Depot  
  32  3:35  SCV  
  32  3:37  SCV  
  34  3:44  Marine  
  34  3:45  Marine  
  34  3:46  Supply Depot  
  34  3:48  SCV  
  37  3:59  Factory Tech Lab  
  37  4:01  Starport  
  37  4:03  SCV, Command Center  
  37  4:09  SCV  
  39  4:15  SCV  
  39  4:17  Supply Depot  
  40  4:18  Siege Tank  
  40  4:20  Marine x2  
  40  4:21  SCV  
  46  4:27  SCV  
  47  4:33  SCV  
  47  4:34  Marine  
  47  4:38  Marine x2  
  51  4:39  SCV  
  51  4:45  Starport Reactor  
  52  4:48  Supply Depot  
  52  4:51  Engineering Bay  
  52  4:52  Engineering Bay  
  52  4:57  SCV  
  52  4:58  Armory, Refinery  
  53  5:01  Refinery  
  53  5:03  SCV  
  54  5:09  SCV, Siege Tank  
  54  5:10  Supply Depot, Marine x2  
  60  5:15  SCV, Orbital Command  
  61  5:21  SCV  
  61  5:25  Terran Infantry Armor Level 1  
  61  5:27  SCV  
  63  5:29  Terran Infantry Weapons Level 1  
  63  5:32  Supply Depot  
  63  5:33  Marine x3  
  66  5:37  SCV  
  66  5:39  SCV  
  68  5:43  SCV  
  68  5:49  SCV  
  70  5:50  Medivac  
  70  5:51  SCV, Marine x2  
  70  5:55  SCV  
  76  6:01  SCV  
  76  6:03  Terran Vehicle Weapons Level 1  
  76  6:04  SCV  
  78  6:07  SCV  
  78  6:09  Siege Tank  
  78  6:10  Barracks  
  82  6:13  SCV  
  83  6:25  SCV, Barracks  
  84  6:28  Supply Depot  
  84  6:31  SCV, Barracks  
  84  6:32  Medivac x2, Barracks  
  89  6:36  SCV  
  89  6:37  SCV  
  91  6:43  Siege Tank  
  91  6:44  Marine x2  
  91  6:46  Missile Turret  
  96  6:48  SCV  
  96  6:50  Missile Turret  
  96  6:51  Supply Depot  
  97  6:54  Refinery  
  97  6:55  Refinery  
  97  6:58  Barracks  
  97  7:00  Armory  
  97  7:02  SCV x3  
  97  7:03  Starport  
  97  7:06  Barracks  
  100  7:11  Barracks  
  100  7:14  SCV x3  
  103  7:16  Marine x2  
  103  7:19  Marine  
  103  7:22  Medivac  
  108  7:25  Terran Infantry Weapons Level 2  
  108  7:26  SCV x2  
  110  7:35  Terran Infantry Armor Level 2  
  110  7:36  Marine  
  110  7:38  SCV  
  110  7:39  Barracks Reactor  
  112  7:47  Barracks Tech Lab x2  
  112  7:51  Supply Depot  
  112  7:53  Barracks Reactor  
  112  7:54  Marine  
  112  7:56  Barracks Reactor x2  
  113  8:01  Barracks Reactor  
  113  8:07  Supply Depot  
  113  8:10  SCV x3, Supply Depot x2  
  113  8:12  Barracks Reactor  
  116  8:13  Supply Depot  
  116  8:19  Marine  
  116  8:20  Marine x4  
  116  8:21  Marauder  
  116  8:22  SCV, Siege Tank  
  116  8:26  Combat Shield, Marauder  
  129  8:28  Concussive Shells  
  129  8:33  Terran Vehicle And Ship Armor Level 1  
  129  8:36  Supply Depot  
  129  8:37  Marine x3  
  129  8:38  Marauder  
  133  8:44  Missile Turret  
  133  8:47  Terran Vehicle Weapons Level 2, Marauder  
  135  8:55  Factory  
  135  8:56  Starport Reactor  
  135  8:59  Supply Depot  
  135  9:01  Liberator  
  138  9:04  Marine x4  
  138  9:05  Marine x7  
  138  9:06  Marine x3  
  138  9:08  Marine  
  153  9:13  Supply Depot  
  153  9:14  Supply Depot  
  153  9:17  Supply Depot  
  153  9:19  Liberator  
  153  9:22  Marine x6  
  153  9:23  Marine x6  
  153  9:24  Marine  
  169  9:25  Command Center  
  169  9:30  Siege Tank  
  172  9:40  Factory Tech Lab  
  172  9:44  Fusion Core, Liberator  
  175  9:47  Liberator  
  177  10:18  Terran Infantry Weapons Level 3, Terran Infantry Armor Level 3  
  177  10:26  Missile Turret  
  177  10:36  Advanced Ballistics  
  177  10:45  Marine x6  
  177  10:46  Marine x3  
  177  10:47  Marine x6  
  192  10:50  Command Center  
  192  11:06  Supply Depot  
  192  11:10  Orbital Command  
  192  11:26  Marauder, Marine x4  
  192  11:27  Marauder  
  192  11:29  Supply Depot  
  200  11:36  Missile Turret  
  200  11:58  Missile Turret  
  200  12:03  Missile Turret  
  200  12:24  Missile Turret  
  199  12:44  Missile Turret  
  199  12:55  Starport  
Show
View Real Time Build Order
Export as new Build Order

Mango Zerg 

Build Orders: 3 Hatch before Pool, Lurkers, Zergling Baneling 

Get SALT Encoding   

  12  0:01  Drone  
  13  0:08  Drone  
  14  0:20  Extractor  
  13  0:21  Drone, Extractor  
  13  0:22  Drone  
  16  0:46  Hatchery  
  15  1:07  Hatchery  
  14  1:21  Spawning Pool  
  14  1:25  Extractor  
  12  1:26  Drone  
  12  1:31  Drone  
  14  1:40  Overlord  
  14  1:57  Drone x2  
  14  1:59  Drone x2  
  18  2:10  Queen  
  18  2:15  Drone  
  21  2:18  Drone  
  22  2:24  Drone  
  23  2:32  Baneling Nest  
  23  2:33  Drone  
  23  2:36  Drone  
  24  2:44  Zergling x4  
  26  2:52  Metabolic Boost  
  26  2:55  Overlord  
  26  2:59  Zergling x2  
  26  3:01  Zergling x2  
  26  3:04  Zergling x2  
  29  3:06  Zergling x2  
  29  3:09  Drone  
  31  3:13  Zergling x2  
  31  3:15  Drone  
  31  3:18  Zergling x2  
  34  3:21  Zergling x2  
  34  3:23  Zergling x2  
  34  3:26  Zergling x2  
  37  3:31  Overlord  
  37  3:39  Drone  
  38  3:41  Zergling x4  
  38  3:42  Zergling x2  
  38  3:47  Zergling x2  
  42  3:50  Overlord  
  42  3:57  Drone, Extractor  
  42  4:03  Overlord  
  42  4:06  Spore Crawler  
  41  4:11  Spine Crawler, Drone  
  41  4:14  Baneling x2  
  41  4:16  Baneling  
  41  4:17  Baneling  
  41  4:18  Baneling  
  41  4:21  Baneling x2  
  41  4:23  Baneling x2  
  41  4:27  Drone  
  41  4:30  Drone  
  43  4:31  Drone  
  43  4:36  Drone x2  
  31  5:14  Zergling x2  
  31  5:15  Zergling x22  
  31  5:18  Lair  
  43  5:22  Queen  
  43  5:25  Drone  
  46  5:31  Queen  
  48  5:39  Drone  
  48  5:40  Evolution Chamber, Drone  
  49  5:44  Drone  
  49  5:45  Drone  
  49  5:48  Drone  
  52  5:50  Drone  
  53  6:10  Spore Crawler  
  53  6:11  Spore Crawler  
  50  6:13  Spore Crawler  
  48  6:19  Zerg Melee Weapons Level 1, Hydralisk Den  
  48  6:22  Evolution Chamber  
  37  6:49  Drone x2  
  37  6:50  Drone  
  37  6:51  Zerg Missile Weapons Level 1  
  39  6:54  Grooved Spines  
  39  6:57  Extractor  
  39  6:58  Drone x11  
  39  6:59  Extractor  
  48  7:04  Drone x2  
  50  7:12  Hydralisk  
  50  7:13  Hydralisk  
  54  7:17  Drone  
  54  7:18  Drone  
  56  7:23  Drone  
  56  7:24  Drone x3  
  56  7:26  Drone  
  61  7:31  Overlord  
  61  7:34  Zergling x4  
  63  7:40  Overlord  
  63  7:41  Drone  
  63  7:43  Hydralisk  
  66  7:48  Overlord  
  66  7:49  Pneumatized Carapace  
  66  7:54  Hydralisk x2  
  66  7:56  Hydralisk  
  72  8:04  Nydus Network  
  71  8:05  Muscular Augments  
  71  8:07  Drone x2  
  71  8:08  Drone  
  71  8:09  Extractor  
  73  8:18  Extractor  
  72  8:24  Hydralisk x2  
  72  8:25  Hydralisk x4  
  84  8:28  Zergling x4  
  84  8:29  Baneling x2  
  84  8:30  Baneling  
  84  8:31  Baneling  
  86  8:42  Spore Crawler  
  86  8:45  Overlord x2  
  86  8:46  Hydralisk x2  
  89  8:53  Overlord  
  89  8:56  Zerg Melee Weapons Level 2  
  89  8:59  Lurker Den  
  88  9:05  Zerg Missile Weapons Level 2  
  88  9:10  Nydus Canal  
  88  9:25  Infestation Pit  
  88  9:26  Hydralisk x3  
  88  9:27  Zergling x8  
  88  9:28  Zergling x12  
  103  9:37  Zergling x12  
  109  10:02  Lurker  
  109  10:03  Lurker x4  
  114  10:11  Overlord  
  114  10:12  Overlord x3  
  114  10:16  Spore Crawler  
  114  10:18  Spore Crawler  
  98  10:52  Overseer  
  94  11:02  Hydralisk x16  
  120  11:24  Hydralisk x6  
  128  12:37  Hatchery  
  128  12:42  Hatchery  
Tags
 
Add a new tag
Caveats
  • Supply blocks, unpowered buildings, or Contaminate may cause inaccurate times.
  • Supply counts are checked every 10 seconds.